Map: Prion Terraces

Players

LilDicky

  • Race: Terran Terran
  • League: Diamond

OnMyLeVel - Winner!

  • Race: Zerg Zerg
  • League: Diamond

VOD

http://www.twitch.tv/tumescentpie

Description

Time

  • Played on: Nov. 23, 2015, 10:31 p.m.
  • Length: 6:40
Show
View Real Time Build Order
Export as new Build Order

LilDicky Terran 

Build Orders:  

Get SALT Encoding   

  12  0:01  SCV  
  13  0:13  SCV  
  14  0:19  Supply Depot  
  14  0:25  SCV  
  15  0:40  SCV  
  16  0:42  Refinery  
  16  0:44  Barracks  
  16  0:53  SCV  
  17  1:05  SCV  
  18  1:14  Barracks  
  18  1:17  SCV  
  19  1:29  SCV  
  20  1:34  Supply Depot, Reaper  
  21  1:41  Refinery  
  21  1:44  Orbital Command  
  21  1:53  Barracks  
  21  2:06  Reaper  
  22  2:10  Supply Depot  
  22  2:11  Reaper  
  22  2:15  SCV  
  24  2:27  SCV  
  25  2:38  Reaper  
  25  2:40  Reaper  
  27  2:45  SCV, Barracks, Supply Depot  
  27  2:50  Reaper  
  29  3:18  SCV, Reaper x2  
  32  3:26  Command Center  
  32  3:30  SCV  
  33  3:42  SCV  
  33  3:54  SCV  
  34  3:57  Barracks Reactor  
  34  3:58  Barracks Tech Lab  
  34  4:00  Barracks Reactor, Factory  
  34  4:01  Barracks Reactor  
  32  4:07  SCV  
  33  4:10  Supply Depot  
  32  4:19  SCV  
  33  4:24  Marine  
  33  4:31  SCV  
  35  4:39  Marine x2  
  35  4:40  Orbital Command, Marine  
  35  4:42  Marine  
  35  4:43  SCV  
  38  5:00  Marine  
  38  5:03  Marine x2  
  41  5:11  Marine  
  42  5:19  Marine  
  43  5:22  Factory Reactor  
  41  5:30  Marine x3  
  44  5:37  Orbital Command  
  44  5:41  SCV  
  45  5:49  Marine x2  
  47  5:56  Starport  
  47  5:57  Marine x3  
  47  5:58  Bunker, Marine x2  
  47  6:01  Bunker  
Show
View Real Time Build Order
Export as new Build Order

OnMyLeVel Zerg - Winner!

Build Orders: Pool First 

Get SALT Encoding   

  12  0:02  Drone  
  13  0:08  Drone  
  14  0:17  Overlord  
  14  0:22  Extractor  
  14  0:23  Drone  
  15  0:37  Drone  
  15  0:38  Drone  
  17  0:47  Spawning Pool  
  16  0:51  Drone  
  17  1:12  Hatchery  
  17  1:16  Drone  
  17  1:20  Drone, Extractor  
  17  1:24  Drone  
  18  1:37  Queen  
  20  1:40  Overlord  
  20  1:45  Zergling x2  
  21  1:53  Drone  
  22  2:02  Drone  
  23  2:11  Drone  
  24  2:24  Queen  
  24  2:25  Zergling x2  
  24  2:26  Metabolic Boost  
  27  2:31  Zergling x2  
  28  2:41  Zergling x2  
  28  2:42  Zergling x2  
  30  2:49  Drone  
  30  2:50  Drone  
  32  2:52  Zergling x6  
  35  3:03  Zergling x2  
  36  3:19  Overlord  
  36  3:23  Roach Warren  
  36  3:24  Spine Crawler  
  34  3:28  Queen  
  36  3:39  Zergling x6  
  36  3:40  Zergling x2  
  39  3:48  Zergling x10  
  43  3:57  Drone  
  44  4:04  Overlord  
  44  4:13  Overlord  
  42  4:29  Zergling x4  
  42  4:41  Overlord, Roach  
  42  4:43  Zergling x4  
  46  4:51  Zergling x4  
  45  5:00  Baneling Nest, Roach x3  
  45  5:01  Roach  
  45  5:05  Drone  
  53  5:12  Drone  
  54  5:20  Overlord  
  54  5:30  Roach  
  54  5:31  Roach x2  
  60  5:48  Baneling x6  
  60  5:55  Baneling x2  
  60  6:03  Zergling x10  
  53  6:19  Zergling x6  
Tags
 
Add a new tag
Caveats
  • Supply blocks, unpowered buildings, or Contaminate may cause inaccurate times.
  • Supply counts are checked every 10 seconds.